 Dungeon Crawl Stone Soup version coffee-0.2.0 (webtiles) character file.

Game seed: 16062750377262313809, levelgen mode: deterministic

31782 Dorkslayer the Grappler (level 13, -14/127 HPs)
             Began as a Troll Fighter on Sept 18, 2020.
             Was an Elder of the Shining One.
             Killed from afar by an orb of fire (27 damage)
             ... with a fireball
             ... in the Realm of Zot on Sept 19, 2020.
             The game lasted 00:40:23 (10260 turns).

Dorkslayer the Grappler (Troll Fighter)            Turns: 10260, Time: 00:40:23

Health: -14/127    AC: 21    Str: 32    XL:     13   Next: 27%
Magic:  15/17      EV: 16    Int:  4    God:    the Shining One [****..]
Gold:   549        SH: 21    Dex: 10    Spells: 12/12 levels left

rFire    . . .     SeeInvis .     - Unarmed
rCold    . . .     Gourm    +   b - +0 kite shield
rNeg     + + .     Faith    .   E - +0 storm dragon scales
rPois    .         Spirit   .   (helmet restricted)
rElec    +         Reflect  .   g - +2 cloak {MR+}
rCorr    .         Harm     .   (gloves unavailable)
MR       ++...                  (boots unavailable)
Stlth    ..........             h - amulet of regeneration
HPRegen  1.11/turn              G - ring of protection from magic
MPRegen  0.15/turn              A - +5 ring of evasion

@: mighty, divine shield, hasted, glowing, very quick
A: large, unfitting armour, claws 3, fast metabolism 3, gourmand, regeneration
1, shaggy fur 1, strong 1, tough skin 3, MP-powered wands
a: Divine Shield, Cleansing Flame, Renounce Religion


You were in the Realm of Zot.
You worshipped the Shining One.
The Shining One was greatly pleased with you.
You were full.

You visited 3 branches of the dungeon, and saw 12 of its levels.

You collected 789 gold pieces.
You spent 240 gold pieces at shops.

Inventory:

Hand Weapons
 i - the +6 hand axe "Wuocsoe" {freeze, rF+}
   (You found it on level 2 of the Dungeon)

   It has been specially enchanted to freeze those struck by it, causing extra
   injury to most foes and up to half again as much damage against particularly
   susceptible opponents.
   It can also slow down cold-blooded creatures.
   It protects you from fire.
 p - a +2 vampiric demon blade
Missiles
 m - 5 boomerangs (quivered)
 H - a throwing net
Armour
 b - a +0 kite shield (worn)
 g - a +2 cloak of magic resistance (worn)
 E - +0 storm dragon scales (worn)
Jewellery
 h - an amulet of regeneration (around neck)
 u - an uncursed ring of see invisible
 A - a +5 ring of evasion (right claw)
 G - a ring of protection from magic (left claw)
Wands
 r - a wand of flame (24)
 y - a wand of enslavement (6)
 C - a wand of scattershot (1)
Scrolls
 a - 3 scrolls of amnesia
 e - 3 scrolls of magic mapping
 j - 2 scrolls of immolation
 k - 3 scrolls of remove curse
 s - 2 scrolls of silence
 v - 2 scrolls of teleportation
 w - a scroll of blinking
 x - 4 scrolls of enchant weapon
 J - a scroll of summoning
Potions
 c - a potion of might
 n - a potion of brilliance
 F - 2 potions of berserk rage
Comestibles
 d - 24 rations


   Skills:
 * Level 7.7(10.3) Fighting
 + Level 1.3 Throwing
 + Level 4.2(9.2) Armour
 + Level 5.8(9.7) Dodging
 - Level 1.3(6.6) Stealth
 + Level 7.7(10.3) Shields
 + Level 13.1 Unarmed Combat
 * Level 5.9(8.1) Invocations
 * Level 7.0(7.7) Evocations


You had 12 spell levels left.
You didn't know any spells.
Your spell library contained the following spells:

 Spells                   Type           Power        Failure   Level  Hunger
 Beastly Appendage        Tmut           #.....       8%          1    ##.....
 Sticks to Snakes         Tmut           #.......     12%         2    ###....
 Spider Form              Tmut/Pois      #.........   65%         3    ####...
 Corona                   Hex            #......      73%         1    ##.....
 Freeze                   Ice            #...         73%         1    ##.....
 Infusion                 Chrm           #...         73%         1    ##.....
 Ensorcelled Hibernation  Hex/Ice        #.....       86%         2    ###....
 Shroud of Golubria       Chrm/Tloc      #.....       86%         2    ###....
 Slow                     Hex            #.......     86%         2    ###....
 Song of Slaying          Chrm           #.......     86%         2    ###....
 Blade Hands              Tmut           #.........   91%         5    ######.
 Ice Form                 Ice/Tmut       #.......     96%         4    #####..
 Petrify                  Tmut/Erth      #.......     96%         4    #####..
 Confusing Touch          Hex            #.......     97%         3    ####...
 Dazzling Flash           Conj/Hex       #.....       97%         3    ####...
 Frozen Ramparts          Ice            #.....       97%         3    ####...
 Gell's Gravitas          Tloc           #.........   97%         3    ####...
 Inner Flame              Hex/Fire       #.......     97%         3    ####...
 Ozocubu's Armour         Chrm/Ice       #.......     97%         3    ####...
 Portal Projectile        Hex/Tloc       #.....       97%         3    ####...
 Spectral Weapon          Hex/Chrm       #.......     97%         3    ####...
 Tukima's Dance           Hex            #.......     97%         3    ####...
 Cause Fear               Hex            #.........   100%        4    #####..
 Hailstorm                Conj/Ice       #.......     100%        4    #####..
 Leda's Liquefaction      Hex/Erth       #.........   100%        4    #####..
 Summon Ice Beast         Ice/Summ       #.......     100%        4    #####..
 Metabolic Englaciation   Hex/Ice        #.........   100%        5    ######.
 Yara's Violent Unravell  Hex/Tmut       #.........   100%        5    ######.


Dungeon Overview and Level Annotations

Branches:
Dungeon (10/10)            Temple (1/1) D:2             Zot (1/1) D:10

Altars:
Ashenzari
Cheibriados
Dithmenos
Elyvilon
Fedhas
Gozag
Hepliaklqana
Kikubaaqudgha
Makhleb
Nemelex Xobeh
Okawaru
Qazlal
Ru
Sif Muna
Trog
Uskayaw
Vehumet
Wu Jian
Xom
Yredelemnul
Zin
The Shining One
Lugonu

Shops:
D:1 (   D:3 %   D:6 }


Innate Abilities, Weirdness & Mutations

You are too large for most types of armour.
You have claws for hands.
Your metabolism is lightning-fast.
You like to eat raw meat.
Your natural rate of healing is unusually fast.
You are covered in fur. (AC +1)
You have extremely tough skin. (AC +3)
Your muscles are strong. (Str +2)
You expend magic power (3 MP) to strengthen your wands.


Message History

* * * LOW HITPOINT WARNING * * *
The orb of fire glows deep purple.
The fireball explodes!
The fireball engulfs you!!
* * * LOW HITPOINT WARNING * * *
The orb of fire disappears!
The orb of fire glows bright magenta.
The fireball explodes!
The fireball engulfs you but does no damage.
The orb of fire glows red.
The bolt of fire misses you.
You feel yourself speed up.
You feel very mighty all of a sudden.
The orb of fire glows red.
The bolt of fire hits you!
* * * LOW HITPOINT WARNING * * *
You claw the orb of fire!
The orb of fire is moderately damaged.
The orb of fire glows deep purple.
The fireball explodes!
The fireball engulfs you!!
You die...

...........## #............
...........# #............
...........## #............
............# #............
...........^## #.......^^...
)............###............
###########...###.§.........
# ##....##^.........
###..@*..........
#▓▓▓▓▓▓▓▓▓▓▓##^


You could see an orb of fire.

Vanquished Creatures
  An orb of fire (Zot)
  2 two-headed ogres
  3 tentacled monstrosities (Zot)
  A Killer Klown (Zot)
  2 storm dragons (D:10)
  2 draconian monks (Zot)
  10 Orb Guardians (Zot)
  An unseen horror (D:10)
  A draconian scorcher (D:10)
  A shadow dragon (D:10)
  2 draconian knights
  A draconian stormcaller (Zot)
  A hydra (D:10)
  An ice dragon (D:10)
  3 electric golems (Zot)
  3 gargoyles
  A black draconian (D:10)
  3 green draconians
  2 yellow draconians (Zot)
  Maggie (D:8)
  2 red draconians (D:10)
  3 white draconians (D:10)
  2 purple draconians (Zot)
  A hornet (D:9)
  4 moths of wrath (Zot)
  2 hippogriffs
  Prince Ribbit (D:7)
  2 wraiths
  9 yaks
  4 wyverns
  A vampire (D:10)
  2 hungry ghosts (D:9)
  A steam dragon (D:10)
  A water moccasin (D:8)
  5 sky beasts
  3 hornet zombies
  An ice beast (D:6)
  3 orc warriors
  4 phantoms
  4 black bears
  2 ogres
  11 centaurs
  A big kobold (D:10)
  9 bullfrogs
  A wyvern skeleton (D:7)
  A wyvern zombie (D:8)
  4 scorpions
  17 killer bees
  7 howler monkeys
  5 wights (D:10)
  2 centaur zombies (D:8)
  2 crimson imps
  2 quasits
  7 bullfrog zombies
  3 jellies
  3 bullfrog skeletons
  A centaur skeleton (D:9)
  A gnoll shaman (D:6)
  An orc priest (D:7)
  5 hounds
  4 orc wizards
  2 iguanas
  7 worker ants
  A worker ant zombie (D:6)
  5 gnolls
  7 adders
  5 shadow imps
  3 worms
  A leopard gecko (D:4)
  23 orcs
  5 bats
  2 giant cockroaches (D:3)
  4 hobgoblins
  2 jackals (D:3)
  12 kobolds
  3 quokkas
  A ball python (D:2)
  3 frilled lizards
  7 goblins
  5 rats
284 creatures vanquished.

Vanquished Creatures (collateral kills)
  A draconian knight (Zot)
  A yellow draconian (Zot)
2 creatures vanquished.

Grand Total: 286 creatures vanquished

Notes
Turn   | Place    | Note
-------+----------+-------------------------------------------
     0 | D:1      | Dorkslayer the Troll Fighter began the quest for the Orb.
     0 | D:1      | Reached XP level 1. HP: 22/22 MP: 0/0
   286 | D:1      | Reached XP level 2. HP: 20/29 MP: 1/1
   623 | D:1      | Found Fowiluih's Weapon Shoppe.
  1636 | D:2      | Reached XP level 3. HP: 36/36 MP: 2/2
  1691 | D:2      | Got the +6 hand axe "Wuocsoe" {freeze, rF+}
  1719 | D:2      | Found a staircase to the Ecumenical Temple.
  1732 | Temple   | Entered the Ecumenical Temple
  1947 | D:3      | Reached skill level 3 in Unarmed Combat
  2154 | D:3      | Reached XP level 4. HP: 44/44 MP: 3/3
  2175 | D:3      | Found a burning altar of Makhleb.
  2175 | D:3      | Found a shimmering altar of Xom.
  2308 | D:3      | Found a sacrificial altar of Ru.
  2399 | D:3      | Found Dintiyrull's Food Shop.
  2729 | D:4      | Reached XP level 5. HP: 49/50 MP: 4/4
  2740 | D:4      | Reached skill level 4 in Unarmed Combat
  2761 | D:4      | Noticed a black bear
  2766 | D:4      | Killed a black bear
  2902 | D:4      | Found a hazy altar of Hepliaklqana.
  2908 | D:4      | Reached XP level 6. HP: 59/59 MP: 5/5
  3123 | D:4      | Found a radiant altar of Vehumet.
  3124 | D:4      | Found a glowing golden altar of the Shining One.
  3553 | D:5      | Entered Level 5 of the Dungeon
  3687 | D:5      | Reached skill level 5 in Unarmed Combat
  3704 | D:5      | Reached skill level 1 in Stealth
  3806 | D:5      | Found an opulent altar of Gozag.
  3938 | D:4      | Became a worshipper of the Shining One
  4208 | D:5      | Found a stormy altar of Qazlal.
  4370 | D:6      | Reached skill level 1 in Evocations
  4396 | D:6      | Reached XP level 7. HP: 67/67 MP: 6/6
  4766 | D:6      | Reached skill level 6 in Unarmed Combat
  4775 | D:6      | Reached XP level 8. HP: 75/75 MP: 8/8
  5060 | D:6      | Reached * piety under the Shining One
  5297 | D:6      | Found a basalt altar of Yredelemnul.
  5303 | D:6      | Found Unwaufo's Gadget Emporium.
  5315 | D:6      | Bought a wand of scattershot (4) for 240 gold pieces
  5583 | D:7      | Found a shadowy altar of Dithmenos.
  5590 | D:7      | Reached skill level 7 in Unarmed Combat
  5616 | D:7      | Reached XP level 9. HP: 73/85 MP: 8/10
  5673 | D:6      | Reached skill level 8 in Unarmed Combat
  5723 | D:7      | Reached skill level 5 in Fighting
  5837 | D:7      | Found a glowing silver altar of Zin.
  5870 | D:7      | Found an iron altar of Okawaru.
  5882 | D:7      | Found a sparkling altar of Nemelex Xobeh.
  5895 | D:7      | Noticed Prince Ribbit
  5902 | D:7      | Killed Prince Ribbit
  5902 | D:7      | Reached skill level 1 in Throwing
  5902 | D:7      | Reached skill level 5 in Shields
  6064 | D:7      | Found a snail-covered altar of Cheibriados.
  6081 | D:7      | Got the ring of Jeotamuj {rF- rN+++ MR- Str+8 Stlth+}
  6236 | D:8      | Noticed Maggie
  6244 | D:8      | Killed Maggie
  6244 | D:8      | Reached skill level 5 in Dodging
  6244 | D:8      | Reached XP level 10. HP: 90/96 MP: 12/12
  6250 | D:8      | Reached skill level 9 in Unarmed Combat
  6264 | D:8      | Reached ** piety under the Shining One
  6348 | D:8      | Reached skill level 1 in Invocations
  6810 | D:8      | Reached skill level 1 in Armour
  7151 | D:9      | Noticed a gargoyle
  7163 | D:9      | Killed a gargoyle
  7163 | D:9      | Reached skill level 10 in Unarmed Combat
  7210 | D:9      | Reached *** piety under the Shining One
  7497 | D:9      | Noticed a gargoyle
  7526 | D:9      | Killed a gargoyle
  7526 | D:9      | Reached skill level 5 in Evocations
  7663 | D:9      | Reached XP level 11. HP: 105/105 MP: 13/13
  8047 | D:9      | Noticed a two-headed ogre
  8051 | D:9      | Killed a two-headed ogre
  8321 | D:10     | Entered Level 10 of the Dungeon
  8336 | D:10     | Reached **** piety under the Shining One
  8336 | D:10     | Noticed a two-headed ogre
  8356 | D:10     | Killed a two-headed ogre
  8356 | D:10     | Reached skill level 11 in Unarmed Combat
  8804 | D:10     | Noticed an unseen horror
  8812 | D:10     | Killed an unseen horror
  8829 | D:10     | Noticed a storm dragon
  8834 | D:10     | Noticed a red draconian scorcher
  8842 | D:10     | Killed a storm dragon
  8869 | D:10     | Killed a red draconian scorcher
  8880 | D:10     | Noticed an eight-headed hydra
  8889 | D:10     | Killed a nine-headed hydra
  8941 | D:10     | Noticed a green draconian knight
  8949 | D:10     | Killed a green draconian knight
  8949 | D:10     | Reached XP level 12. HP: 106/115 MP: 15/15
  9032 | D:10     | Reached skill level 12 in Unarmed Combat
  9384 | D:10     | Found a gate to the Realm of Zot.
  9432 | Zot      | Entered the Realm of Zot
  9709 | Zot      | Reached skill level 5 in Invocations
  9792 | Zot      | Reached XP level 13. HP: 111/124 MP: 17/17
  9955 | Zot      | Noticed an orb of fire
  9964 | Zot      | Killed an orb of fire
 10003 | Zot      | Gained mutation: You are agile. (Dex +2) [potion of
                  | mutation]
 10003 | Zot      | Gained mutation: You tend to lose your temper in combat.
                  | [potion of mutation]
 10003 | Zot      | Gained mutation: You expend magic power (3 MP) to
                  | strengthen your wands. [potion of mutation]
 10004 | Zot      | Lost mutation: You expend magic power (3 MP) to strengthen
                  | your wands. [potion of mutation]
 10004 | Zot      | Lost mutation: You tend to lose your temper in combat.
                  | [potion of mutation]
 10004 | Zot      | Lost mutation: You are agile. (Dex +2) [potion of mutation]
 10004 | Zot      | Gained mutation: You expend magic power (3 MP) to
                  | strengthen your wands. [potion of mutation]
 10004 | Zot      | Gained mutation: Your muscles are strong. (Str +2) [potion
                  | of mutation]
 10009 | Zot      | HP: 5/124 [poison (poison gas)]
 10010 | Zot      | HP: 2/124 [poison (poison gas)]
 10155 | Zot      | Reached skill level 13 in Unarmed Combat
 10246 | Zot      | Noticed an orb of fire
 10250 | Zot      | Noticed an orb of fire
 10260 | Zot      | Killed from afar by an orb of fire

Levels and vault maps discovered:
D:1:      mrwooster_arrival_statue_3, layout_basic, serial_shops, shop,
          minivault_24
D:2:      layout_basic, minmay_temple_entry_glass, chequers_serial_rivers_marsh
D:3:      layout_loops_ring, nicolae_ru_great_annihilating_truth,
          grunt_temple_overflow_champion_of_chaos, serial_shops, shop_statue
D:4:      layout_loops_ring, old_standard_altar, nicolae_overflow_hidden_temple
D:5:      layout_basic, lemuel_crystal_altar, marbit_many_paths, first_ration,
          grunt_decor_resistance
D:6:      layout_basic, lemuel_doored_altar, serial_shops,
          nicolae_shop_behind_doors, chequers_serial_rivers_micro_b
D:7:      layout_cave_pools, okawaru_metal_pillars_1_2, zin_treasury,
          old_standard_altar, overflow_temple_1_default, lemuel_crystal_altar,
          uniq_prince_ribbit1
D:8:      layout_loops_ring, serial_aquarium, aquarium_bridge_straight
          [aquarium_subvault_bridge, aquarium_subvault_window,
          aquarium_subvault_bridge, aquarium_subvault_wall],
          aquarium_window_fake, aquarium_window_corner, aquarium_window_2,
          aquarium_view_2e, uniq_maggie
D:9:      layout_rooms, serial_corexii_hall, corexii_hall_statues_l,
          corexii_hall_statues_deadend, corexii_hall_statues_i,
          corexii_hall_statues_u, grunt_ogre_cave, minmay_misc_feat_tower,
          lightli_fourway_metalbox
D:10:     grunt_zot_entry_gee_three, layout_loops_cross
Temple:   corrupted_temple
Zot:      layout_onion_interference

Skill      XL: |  1  2  3  4  5  6  7  8  9 10 11 12 13 |
---------------+----------------------------------------+-----
Unarmed Combat | 3 4 5 6 7 8 10 11 12 13 | 13.1
Dodging        | 3 4 5 |  5.8
Shields        | 3 4 5 6 7 |  7.7
Fighting       | 3 4 5 6 7 |  7.7
Stealth        | 1 |  1.3
Evocations     | 1 2 4 5 6 7 |  7.0
Throwing       | 1 |  1.3
Invocations    | 2 4 5 |  5.9
Armour         | 1 2 4 |  4.2

Action                   |  1- 3 |  4- 6 |  7- 9 | 10-12 | 13-15 || total
-------------------------+-------+-------+-------+-------+-------++-------
Melee: Unarmed           |    93 |   150 |   200 |   376 |    32 ||   851
Throw: Boomerang         |       |       |     7 |     1 |     4 ||    12
Invok: Divine Shield     |       |       |       |     5 |     4 ||     9
Evoke: Wand              |       |       |     1 |    14 |       ||    15
  Use: Scroll            |       |       |       |     1 |     2 ||     3
       Potion            |       |       |       |     1 |     8 ||     9
 Stab: Sleeping          |     3 |     5 |       |       |       ||     8
       Paralysed         |       |     1 |       |       |       ||     1
  Eat: Chunk             |    11 |    17 |    20 |    34 |     6 ||    88
       Ration            |     3 |       |       |       |       ||     3
Armor: Robe              |    20 |    48 |    37 |       |       ||   105
       Storm dragon scal |       |       |     5 |   136 |     8 ||   149
Dodge: Dodged            |    28 |    55 |    83 |   165 |    14 ||   345
Block: Kite shield       |    35 |    79 |   101 |   243 |    33 ||   491
